 Dungeon Sprint DCSS version 0.27-a0-808-g60bc5d92e6 (webtiles) character file.

Game seed: 5064418578443805087

1475 mhtbhm the Spear-Bearer (level 8, -5/82 HPs)
             Began as a Green Draconian Berserker on Mar 28, 2021.
             Was a High Priest of Trog.
             Slain by a rakshasa (illusionary)
             ... wielding a +0 vampiric whip
              (9 damage)
             ... in the Dungeon (Sprint IX: "|||||||||||||||||||||||||||||").
             The game lasted 00:01:10 (307 turns).

mhtbhm the Spear-Bearer (Green Draconian Berserker)  Turns: 307, Time: 00:01:11

Health: -5/82      AC: 12    Str: 21    XL:     8   Next: 49%
Magic:  8/8        EV: 15    Int: 11    God:    Trog [*****.]
Gold:   0          SH:  0    Dex: 12    Spells: 7/7 levels left

rFire    . . .     SeeInvis .   j - +2 halberd of Evolution {freeze, rElec Int+4}
rCold    . . .     Faith    .   (shield currently unavailable)
rNeg     . . .     Spirit   .   (armour unavailable)
rPois    +         Reflect  .   (helmet restricted)
rElec    +         Harm     .   (no cloak)
rCorr    .         Rampage  .   l - +0 pair of gloves
Will     .....     NoTele   +   k - +0 pair of boots
Stlth    ++........             (no amulet)
HPRegen  0.23/turn              m - +2 ring of protection
MPRegen  0.11/turn              n - +2 ring of protection

@: berserk cooldown, slowed, very slow
A: breathe noxious fumes, AC +6, unfitting armour, poison resistance,
cold-blooded
a: Breathe Noxious Fumes, Renounce Religion, Berserk, Trog's Hand, Brothers in
Arms


You were in the Dungeon.
You worshipped Trog.
Trog was extremely pleased with you.
You visited 1 branch

Inventory:

Hand Weapons
 a - a +0 spear
 j - the +2 halberd of Evolution (weapon) {freeze, rElec Int+4}
   (You found it in the Dungeon)

   It has been specially enchanted to freeze those struck by it, causing extra
   injury to most foes and up to half again as much damage against particularly
   susceptible opponents.
   It can also slow down cold-blooded creatures.
   It affects your intelligence (+4).
   It insulates you from electricity.
Armour
 k - a +0 pair of boots (worn)
 l - a +0 pair of gloves (worn)
Jewellery
 m - a +2 ring of protection (left hand)
 n - a +2 ring of protection (right hand)
Wands
 i - a wand of acid (10)
Scrolls
 g - 2 scrolls of blinking
Potions
 b - 5 potions of curing
 c - 2 potions of heal wounds
 d - a potion of haste
 e - 4 potions of magic
 f - a potion of berserk rage
 h - a potion of invisibility


   Skills:
 + Level 11.1 Fighting
 + Level 12.8 Polearms
 + Level 9.6 Dodging
 + Level 2.0 Stealth


You had 7 spell levels left.
You didn't know any spells.
Your spell library was empty.

Dungeon Overview and Level Annotations

Branches:
Dungeon (1/1)

Altars:
Cheibriados
Dithmenos
Elyvilon
Fedhas
Gozag
Hepliaklqana
Kikubaaqudgha
Makhleb
Nemelex Xobeh
Okawaru
Qazlal
Ru
Sif Muna
Trog
Uskayaw
Vehumet
Wu Jian
Xom
Yredelemnul
Zin
The Shining One
Beogh
Jiyva
Lugonu


Innate Abilities, Weirdness & Mutations

You can breathe blasts of noxious fumes.
Your lurid green scales are hard. (AC +6)
You cannot fit into any form of body armour.
Your system is resistant to poisons. (rPois)
You are cold-blooded and may be slowed by cold attacks.


Message History

You completely miss the rakshasa.
The rakshasa is heavily wounded.
The rakshasa gestures at you. The lance of force hits you!!
You are knocked back by the lance of force.
You collide with the rakshasa!
The rakshasa closely misses you.
Unknown command.
You feel much better. The rakshasa closely misses you.
The rakshasa hits you with a +0 vampiric whip.
The rakshasa draws strength from your wounds!
Unknown command.
Your troll goes berserk!
The rakshasa hits you with a +0 vampiric whip!
The rakshasa draws strength from your wounds!
The rakshasa closely misses you.
The rakshasa hits you with a +0 vampiric whip.
The rakshasa draws strength from your wounds!
The rakshasa hits you but does no damage.
You slash the rakshasa! You freeze the rakshasa.
Your tail-slap misses the rakshasa.
The rakshasa is severely wounded.
Your troll barely misses the rakshasa.
Your troll closely misses the rakshasa.
Your troll barely misses the rakshasa.
The rakshasa gestures at you. The lance of force hits you!
* * * LOW HITPOINT WARNING * * *
You are knocked back by the lance of force.
You collide with the rakshasa!
* * * LOW HITPOINT WARNING * * *
The rakshasa closely misses you.
You slash the rakshasa! You freeze the rakshasa.
You tail-slap the rakshasa, but do no damage.
The rakshasa is almost dead.
Your troll closely misses the rakshasa. x3; The rakshasa misses you.
The rakshasa hits you with a +0 vampiric whip!
* * * LOW HITPOINT WARNING * * *
Your troll bites the rakshasa.
Your troll closely misses the rakshasa.
Your troll claws the rakshasa but does no damage.
The rakshasa hits you with a +0 vampiric whip!
You die...

▓+▓
▓.▓
▓.▓
▓T▓
▓R▓
▓@▓
▓R▓
▓R▓
▓.▓
▓.▓
▓.▓
▓.▓
▓.▓
▓)▓


You could see 3 rakshasas and a friendly troll (summoned, berserk).

Vanquished Creatures
  A two-headed ogre (D)
  A troll (D)
  A wraith (D)
  A vampire mosquito (D)
  A black bear (D)
  2 centaurs (D)
  A kobold brigand (D)
  A scorpion (D)
  A wight (D)
  A howler monkey (D)
  A hound (D)
  A gnoll shaman (D)
  An orc wizard (D)
  2 orcs (D)
  A giant cockroach (D)
  A goblin (D)
  A hobgoblin (D)
  A jackal (D)
  A kobold (D)
21 creatures vanquished.

Notes
Turn   | Place    | Note
-------+----------+-------------------------------------------
     0 | D        | mhtbhm the Draconian Berserker began the quest for the Orb.
     0 | D        | Reached XP level 1. HP: 19/19 MP: 1/1
    17 | D        | Reached ** piety under Trog
    72 | D        | Noticed a hound
    72 | D        | Noticed a black bear
    72 | D        | Noticed a scorpion
    76 | D        | Killed a scorpion
    77 | D        | Reached skill level 5 in Fighting
    77 | D        | Reached skill level 5 in Polearms
    77 | D        | Reached XP level 2. HP: 29/29 MP: 2/2
    77 | D        | Reached XP level 3. HP: 36/36 MP: 3/3
    77 | D        | Reached *** piety under Trog
    84 | D        | Killed a black bear
    85 | D        | Reached skill level 7 in Polearms
    85 | D        | Reached skill level 5 in Dodging
    85 | D        | Reached XP level 4. HP: 47/47 MP: 4/4
    85 | D        | Reached XP level 5. HP: 52/52 MP: 5/5
    99 | D        | Found a snail-covered altar of Cheibriados.
    99 | D        | Found a shadowy altar of Dithmenos.
    99 | D        | Found a white marble altar of Elyvilon.
    99 | D        | Found a blossoming altar of Fedhas.
    99 | D        | Found an opulent altar of Gozag.
   100 | D        | Found a hazy altar of Hepliaklqana.
   101 | D        | Found a viscous altar of Jiyva.
   102 | D        | Found an ancient bone altar of Kikubaaqudgha.
   103 | D        | Found a corrupted altar of Lugonu.
   104 | D        | Found a burning altar of Makhleb.
   105 | D        | Found a sparkling altar of Nemelex Xobeh.
   106 | D        | Found an iron altar of Okawaru.
   107 | D        | Found a stormy altar of Qazlal.
   108 | D        | Found a sacrificial altar of Ru.
   109 | D        | Found a shimmering blue altar of Sif Muna.
   110 | D        | Found a bloodstained altar of Trog.
   111 | D        | Found a hide-covered altar of Uskayaw.
   112 | D        | Found a radiant altar of Vehumet.
   113 | D        | Found an ornate altar of the Wu Jian Council.
   114 | D        | Found a shimmering altar of Xom.
   115 | D        | Found a basalt altar of Yredelemnul.
   116 | D        | Found a glowing silver altar of Zin.
   117 | D        | Found a glowing golden altar of the Shining One.
   139 | D        | Got the +2 halberd of Evolution {freeze, rElec Int+4}
   165 | D        | Noticed a vampire mosquito
   165 | D        | Noticed a centaur
   165 | D        | Noticed a centaur
   168 | D        | Reached **** piety under Trog
   169 | D        | Reached skill level 8 in Polearms
   170 | D        | Killed a centaur
   171 | D        | Reached XP level 6. HP: 62/62 MP: 6/6
   173 | D        | Reached skill level 9 in Polearms
   180 | D        | Killed a vampire mosquito
   180 | D        | Reached ***** piety under Trog
   181 | D        | Reached skill level 10 in Polearms
   181 | D        | Your scales start taking on a lurid green colour.
   181 | D        | Reached XP level 7. HP: 70/70 MP: 7/7
   181 | D        | Gained mutation: Your system is resistant to poisons.
                  | (rPois) [Green Draconian growth]
   283 | D        | Noticed a wraith
   283 | D        | Noticed a rakshasa
   283 | D        | Noticed a troll
   283 | D        | Noticed a two-headed ogre
   287 | D        | Killed a two-headed ogre
   288 | D        | Reached skill level 10 in Fighting
   288 | D        | Reached skill level 12 in Polearms
   288 | D        | Reached skill level 1 in Stealth
   288 | D        | Reached XP level 8. HP: 81/81 MP: 8/8
   292 | D        | Killed a troll
   307 | D        | HP: 4/82 [rakshasa (illusionary)/+0 vampiric whip (12)]
   307 | D        | Slain by a rakshasa (illusionary)

Illustrated notes

Levels and vault maps discovered:
D:        linesprint [early_d, line_temple, items_1, d_10, items_2, lair_1,
          lair_end, items_3, orc_1, orc_end, items_4, d_15, swamp_1, shoals_1,
          snake_1, spider_1, d_20, vaults_1, items_5, swamp_end, shoals_end,
          snake_end, spider_end, vaults_end, d_27, items_6, zot_1, zot_end,
          crypt_end, forest_end, elf_end, slime_end, tomb_end, abyss_end,
          pan_hell_end]

Skill      XL: |  1  2  3  4  5  6  7  8 |
---------------+-------------------------+-----
Dodging        | 4 5 7 8 9 |  9.6
Fighting       | 5 7 8 9 10 11 | 11.1
Polearms       | 5 7 8 10 12 | 12.8
Stealth        | 1 2 |  2.0

Action                   |  1- 3 |  4- 6 |  7- 9 || total
-------------------------+-------+-------+-------++-------
Melee: Spear             |    28 |     8 |       ||    36
       Tailslap          |     1 |     2 |     4 ||     7
       Halberd           |       |    14 |    19 ||    33
Invok: Berserk           |     1 |     1 |     1 ||     3
       Brothers in Arms  |       |       |     1 ||     1
 Abil: Breathe Noxious F |       |       |     1 ||     1
  Use: Potion            |       |       |     1 ||     1
 Stab: Confused          |       |       |     1 ||     1
Armor: Skin              |     6 |     1 |     3 ||    10
Dodge: Dodged            |     9 |     8 |     6 ||    23

Table legend: (Time is in decaauts)
 A = Elapsed time spent in this place.
 B = Non-inter-level travel time spent in this place.
 C = Inter-level travel time spent in this place.
 D = Time resting spent in this place.
 E = Time spent auto-exploring this place.
 F = Levels seen in this place.
 G = Mean time per level.
                   A        B        C        D        E       F      G
               +--------+--------+--------+--------+--------+-----+--------+
         Total |    319 |    319 |      0 |    150 |      3 |   1 |  319.0 |
       Dungeon |    319 |    319 |      0 |    150 |      3 |   1 |  319.0 |
               +--------+--------+--------+--------+--------+-----+--------+

Top non-repeatable levels by time:
       D: 319 daAuts
